 Dungeon Crawl Stone Soup version 0.31.0-11-ge490571c62 (webtiles) character file.

Game seed: 13109048929850094555

7 Arcadio the Chiller (level 2, -7/22 HPs)
             Began as a Naga Ice Elementalist on Jan 29, 2024.
             Mangled by a gnoll
             ... wielding a +0 flail
              (10 damage)
             ... on level 1 of the Dungeon.
             The game lasted 00:00:33 (135 turns).

Arcadio the Chiller (Naga Ice Elementalist)          Turns: 135, Time: 00:00:34

Health: -7/22      AC:  1    Str: 10    XL:     2   Next: 0%
Magic:  0/5        EV: 10    Int: 15    God:
Gold:   13         SH:  0    Dex: 11    Spells: 4/5 levels left

rFire   . . .        c - +0 short sword
rCold   . . .        (no shield)
rNeg    . . .        a - +0 robe
rPois   +            (no helmet)
rElec   .            (no cloak)
rCorr   .            (no gloves)
SInv    +            (no barding)
Will    .....        (no amulet)
Stlth   ++           (no ring)
HPRegen 0.23/turn    (no ring)
MPRegen 0.09/turn

%: no passive effects
@: very slightly contaminated, very slow
A: AC +0, large, see invisible, deformed body, poison resistance, slowness 2,
spit poison 1, naga tail 1
a: Spit Poison


You were on level 1 of the Dungeon.
You visited 1 branch of the dungeon, and saw 1 of its levels.

You collected 13 gold pieces.

Inventory:

Hand Weapons
 c - a +0 short sword (weapon)
Armour
 a - a +0 robe (worn)
Potions
 b - a potion of magic


   Skills:
 + Level 1.7 Dodging
 + Level 3.3 Stealth
 + Level 2.1 Spellcasting
 + Level 4.0 Ice Magic


You had 4 spell levels left.
You knew the following spells:

 Your Spells              Type           Power      Damage    Failure   Level
a - Freeze                Ice            52%        1d6       4%          1

Your spell library contained the following spells:

 Spells                   Type           Power      Damage    Failure   Level
 Frozen Ramparts          Ice            26%        1d4       12%         3
 Ozocubu's Armour         Ice            13%        N/A       12%         3
 Summon Ice Beast         Ice/Summ       7%         N/A       28%         3


Dungeon Overview and Level Annotations

Branches:
Dungeon (1/15)

Altars:


Innate Abilities, Weirdness & Mutations

Your serpentine skin is tough. (AC +0)
You have supernaturally acute eyesight. (SInv)
Armour fits poorly on your strangely shaped body.
Your system is resistant to poisons. (rPois)
You cover ground very slowly.
You can spit poison.
You have a snake-like lower body.


Message History

A gnoll and a ball python come into view.
The gnoll shouts!
You hear a shout!
You hear a loud squeak.
A goblin comes into view. It is wielding a +0 club.
You barely miss the ball python. The ball python bites you.
Casting: Freeze (safe; 4% risk of failure)
Confirm with . or Enter, or press ? or * to list all spells.
Aiming: Freeze (safe; 4% risk of failure)
Press: ? - help, Shift-Dir - straight line, f - ball python
Aim: a ball python You miscast Freeze.
You are very lightly contaminated with residual magic.
Nothing appears to happen.
The ball python misses you.
A ball python comes into view.
Casting: Freeze (safe; 4% risk of failure)
Confirm with . or Enter, or press ? or * to list all spells.
Aiming: Freeze (safe; 4% risk of failure)
Press: ? - help, Shift-Dir - straight line, f/p - ball python
Aim: a ball python You freeze the ball python.
You kill the ball python!
The ball python hisses angrily.
You have reached level 2!
Casting: Freeze (safe; 4% risk of failure)
Confirm with . or Enter, or press ? or * to list all spells.
Aiming: Freeze (safe; 4% risk of failure)
Press: ? - help, Shift-Dir - straight line, f - gnoll
Aim: a gnoll, wielding a +0 flail You freeze the gnoll.
The gnoll is heavily wounded.
The gnoll hits you with a +0 flail.
Casting: Freeze (safe; 4% risk of failure)
Confirm with . or Enter, or press ? or * to list all spells.
You don't have enough magic to cast this spell.
Unknown command.
The gnoll attacks as it pursues you! The gnoll hits you with a +0 flail!
The gnoll hits you with a +0 flail.
* * * LOW HITPOINT WARNING * * *
The gnoll attacks as it pursues you! The gnoll barely misses you.
The gnoll hits you with a +0 flail!
You die...

#..# #..###
#.... #...#
#...####.#
#..S.....#
#...†#
#....#####.#
#...gg@....#
##...####### #
#....#....
#.#####).......
#.....))....###
####.####.###
#)# .# #.# .#
#.#


You could see a gnoll and a goblin.

Vanquished Creatures
  2 goblins (D:1)
  2 kobolds (D:1)
  A ball python (D:1)
  A bat (D:1)
  A rat (D:1)
7 creatures vanquished.

Notes
Turn   | Place    | Note
-------+----------+-------------------------------------------
     0 | D:1      | Arcadio the Naga Ice Elementalist began the quest for the
                  | Orb.
     0 | D:1      | Reached XP level 1. HP: 15/15 MP: 3/3
   132 | D:1      | Reached XP level 2. HP: 21/22 MP: 1/5
   135 | D:1      | Mangled by a gnoll

Illustrated notes

Levels and vault maps discovered:
D:1:      psy_arrival_dodecagon, layout_loops_ring, serial_shops,
          nicolae_shop_scrapyard

Action                     || total
---------------------------++-------
  Melee: Short sword       ||     5
   Cast: Freeze            ||     4
Ability: Spit Poison       ||     3
 Armour: Robe              ||    11
  Dodge: Dodged            ||     4
